 Dungeon Crawl Stone Soup version 0.21-a0-437-ge5bf024 (webtiles) character file.

205 Beatriz the Charmwright (level 5, -1/43 HPs)
             Began as a Gnoll Skald on Nov 9, 2017.
             Slain by a leopard gecko (2 damage)
             ... on level 3 of the Dungeon.
             The game lasted 00:04:30 (2464 turns).

Beatriz the Charmwright (Gnoll Skald)               Turns: 2464, Time: 00:04:33

Health: -1/43      AC:  4    Str: 16 (17) XL:     5   Next: 83%
Magic:  0/12       EV: 14    Int: 13 (15) God:
Gold:   67         SH:  0    Dex: 14      Spells: 10/14 levels left

rFire    . . .     SeeInvis .   a - +0 hand axe
rCold    . . .     Gourm    .   (no shield)
rNeg     . . .     Faith    .   b - +1 leather armour
rPois    .         Spirit   .   (no helmet)
rElec    .         Reflect  .   (no cloak)
rCorr    .         Harm     .   (no gloves)
MR       +....                  (no boots)
Stlth    +.........             (no amulet)
HPRegen  0.14/turn              u - ring of protection from magic
MPRegen  0.13/turn              (no ring)

@: lethally poisoned (-1 -> -5), flying, very slightly contaminated, hasted,
drained, very quick
A: distributed training, fangs 1, strong 1, no potion heal 1, strong nose
a: no special abilities


You were on level 3 of the Dungeon.
You were near starving.

You visited 1 branch of the dungeon, and saw 3 of its levels.

You collected 67 gold pieces.

Inventory:

Hand Weapons
 a - a +0 hand axe (weapon)
 f - a +2 whip of flaming
Armour
 b - a +1 leather armour (worn)
Jewellery
 p - an uncursed amulet of harm
 u - a ring of protection from magic (left hand)
Scrolls
 h - a scroll of enchant armour
 l - a scroll of amnesia
Potions
 e - a potion of cancellation
 j - a potion of brilliance
 m - a potion of degeneration
Books
 c - a book of Battle

   Spells                             Type                      Level
   a - Infusion                       Charms                       1
   b - Shroud of Golubria             Charms/Translocation         2
   c - Song of Slaying                Charms                       2
   d - Spectral Weapon                Hexes/Charms                 3
   e - Regeneration                   Charms/Necromancy            3
Comestibles
 d - a bread ration
 i - a royal jelly


   Skills:
 + Level 4.8(4.2) Fighting
 + Level 1.6(1.0) Short Blades
 + Level 1.6(1.0) Long Blades
 + Level 4.8(4.2) Axes
 + Level 1.6(1.0) Maces & Flails
 + Level 1.6(1.0) Polearms
 + Level 1.6(1.0) Staves
 + Level 1.6(1.0) Slings
 + Level 1.6(1.0) Bows
 + Level 1.6(1.0) Crossbows
 + Level 1.6(1.0) Throwing
 + Level 3.0(2.4) Armour
 + Level 4.8(4.2) Dodging
 + Level 1.6(1.0) Stealth
 + Level 1.6(1.0) Shields
 + Level 1.6(1.0) Unarmed Combat
 + Level 5.2(4.6) Spellcasting
 + Level 1.3(0.7) Conjurations
 + Level 1.3(0.7) Hexes
 + Level 5.6(4.9) Charms
 + Level 1.3(0.7) Summonings
 + Level 1.3(0.7) Necromancy
 + Level 1.3(0.7) Translocations
 + Level 1.3(0.7) Transmutations
 + Level 1.3(0.7) Fire Magic
 + Level 1.3(0.7) Ice Magic
 + Level 1.3(0.7) Air Magic
 + Level 1.3(0.7) Earth Magic
 + Level 1.3(0.7) Poison Magic
 + Level 1.8(1.2) Invocations
 + Level 1.6(1.0) Evocations


You had 10 spell levels left.
You knew the following spells:

 Your Spells              Type           Power        Failure   Level  Hunger
a - Infusion              Chrm           ###.         3%          1    None
b - Regeneration          Chrm/Necr      ##........   22%         3    ###....


Dungeon Overview and Level Annotations

Branches:
Dungeon (3/15)

Altars:
Makhleb


Innate Abilities, Weirdness & Mutations

Your experience applies equally to all skills.
You have very sharp teeth.
Your uncanny sense of smell can sniff out nearby items.
Your muscles are strong. (Str +2)
Potions are less effective at restoring your health.


Message History

You kill the ooze!
You feel your intelligence returning.
You closely miss the leopard gecko. You hit the kobold.
You are no longer magically infusing your attacks.
* * * LOW HITPOINT WARNING * * *
You feel sick. The bat hits you but does no damage.
The kobold closely misses you.
The leopard gecko completely misses you.
You hit the dart slug.
The dart slug is moderately wounded.
You closely miss the kobold. You closely miss the leopard gecko.
The leopard gecko barely misses you. The kobold misses you.
The bat hits you but does no damage.
You barely miss the bat. Your bite misses the bat. You hit the dart slug.
You closely miss the kobold. You completely miss the leopard gecko.
* * * LOW HITPOINT WARNING * * *
You feel sick. The bat misses you.
The dart slug bites you but does no damage.
The leopard gecko bites you.
You die...

........#######.....,,,*
..#$##......$.#........#
###.###...###..........# #.#
##.........##...## #.#
#..###..........#* #.#
##...)%..........* #.#*
###(......(.....* #..*
##...Kl.b.....*
****,******##..w@......#******
,,,,,,...........##.....,,,,,*
****,*############***###****,*
****,* *,** ,,,*,* *,,* **,,,*
**,* ***,* *,* *** ******,**
*,,,,,,,*


You could see a dart slug, a leopard gecko, a bat and a kobold.

Vanquished Creatures
  A sky beast (D:3)
  A gnoll (D:1)
  5 adders
  An ooze (D:3)
  3 worms (D:2)
  A dart slug (D:1)
  4 leopard geckos
  2 orcs (D:3)
  5 goblins
  5 hobgoblins
  4 bats
  3 frilled lizards
  3 kobolds
  7 rats
45 creatures vanquished.

Notes
Turn   | Place    | Note
-------+----------+-------------------------------------------
     0 | D:1      | Beatriz the Gnoll Skald began the quest for the Orb.
     0 | D:1      | Reached XP level 1. HP: 20/20 MP: 6/6
    81 | D:1      | Reached XP level 2. HP: 20/26 MP: 7/7
   663 | D:1      | Reached XP level 3. HP: 27/31 MP: 9/9
   668 | D:1      | Learned a level 3 spell: Regeneration
   871 | D:1      | Reached skill level 5 in Spellcasting
  1360 | D:2      | Reached skill level 1 in Invocations
  1508 | D:2      | Reached skill level 1 in Short Blades
  1508 | D:2      | Reached skill level 1 in Long Blades
  1508 | D:2      | Reached skill level 1 in Maces & Flails
  1508 | D:2      | Reached skill level 1 in Polearms
  1508 | D:2      | Reached skill level 1 in Staves
  1508 | D:2      | Reached skill level 1 in Slings
  1508 | D:2      | Reached skill level 1 in Bows
  1508 | D:2      | Reached skill level 1 in Crossbows
  1508 | D:2      | Reached skill level 1 in Throwing
  1508 | D:2      | Reached skill level 1 in Stealth
  1508 | D:2      | Reached skill level 1 in Shields
  1508 | D:2      | Reached skill level 1 in Unarmed Combat
  1508 | D:2      | Reached skill level 1 in Evocations
  1508 | D:2      | Reached XP level 4. HP: 10/38 MP: 4/11
  1984 | D:2      | Found a burning altar of Makhleb.
  1984 | D:2      | Noticed a green death
  2285 | D:2      | Reached skill level 1 in Conjurations
  2285 | D:2      | Reached skill level 1 in Hexes
  2285 | D:2      | Reached skill level 1 in Summonings
  2285 | D:2      | Reached skill level 1 in Necromancy
  2285 | D:2      | Reached skill level 1 in Translocations
  2285 | D:2      | Reached skill level 1 in Transmutations
  2285 | D:2      | Reached skill level 1 in Fire Magic
  2285 | D:2      | Reached skill level 1 in Ice Magic
  2285 | D:2      | Reached skill level 1 in Air Magic
  2285 | D:2      | Reached skill level 1 in Earth Magic
  2285 | D:2      | Reached skill level 1 in Poison Magic
  2356 | D:3      | Noticed a sky beast
  2384 | D:3      | Killed a sky beast
  2384 | D:3      | Reached XP level 5. HP: 29/43 MP: 6/12
  2452 | D:3      | Gained mutation: Potions are less effective at restoring your health. [potion of mutation]
  2452 | D:3      | Gained mutation: Your muscles are strong. (Str +2) [potion of mutation]
  2462 | D:3      | HP: 2/43 [poisoned by an adder]
  2464 | D:3      | Slain by a leopard gecko

Vault maps used:
D:1:      nagdon_arrival_zigzag_paths, st_stairs_5, serial_bayou_ford_a,
          fountainhead
D:2:      lemuel_upstairs_altar, makhleb_altar_promises_db, minmay_pentomino_u2
D:3:      grunt_temple_overflow_open, portal_sewer_entry_e, first_bread

Skill      XL: |  1  2  3  4 |
---------------+-------------+-----
Spellcasting   | 5 |  5.2
Invocations    | 1 |  1.8
Short Blades   | 1 |  1.6
Long Blades    | 1 |  1.6
Maces & Flails | 1 |  1.6
Polearms       | 1 |  1.6
Staves         | 1 |  1.6
Slings         | 1 |  1.6
Bows           | 1 |  1.6
Crossbows      | 1 |  1.6
Throwing       | 1 |  1.6
Stealth        | 1 |  1.6
Shields        | 1 |  1.6
Unarmed Combat | 1 |  1.6
Evocations     | 1 |  1.6
Conjurations   | 1 |  1.3
Hexes          | 1 |  1.3
Summonings     | 1 |  1.3
Necromancy     | 1 |  1.3
Translocations | 1 |  1.3
Transmutations | 1 |  1.3
Fire Magic     | 1 |  1.3
Ice Magic      | 1 |  1.3
Air Magic      | 1 |  1.3
Earth Magic    | 1 |  1.3
Poison Magic   | 1 |  1.3
Armour         | 3 |  3.0
Fighting       | |  4.8
Axes           | |  4.8
Dodging        | |  4.8
Charms         | |  5.6

Action                   |  1- 3 |  4- 6 || total
-------------------------+-------+-------++-------
Melee: Hand axe          |    83 |    56 ||   139
       Bite              |     5 |     4 ||     9
 Cast: Infusion          |     3 |     4 ||     7
       Regeneration      |     2 |     2 ||     4
  Use: Potion            |       |    10 ||    10
       Scroll            |       |     7 ||     7
 Stab: Sleeping          |     2 |       ||     2
       Invisible         |       |     3 ||     3
  Eat: Chunk             |     2 |     2 ||     4
Armor: Leather armour    |    15 |    24 ||    39
Dodge: Dodged            |    66 |    76 ||   142

Table legend:
 A = Spawn XP
 B = Non-spawn XP
 C = Spawn XP percentage of total XP
 D = Spawn monster count
 E = Non-spawn monster count
 F = Spawn count percentage of total count
 G = Total turns spent on level
                    A         B        C        D         E        F      G
               +---------+---------+-------+---------+---------+-------+---------
         Total |       0 |     293 |   0.0 |       0 |      45 |   0.0 |  2464
               +---------+---------+-------+---------+---------+-------+---------
           D:1 |       0 |      47 |   0.0 |       0 |      19 |   0.0 |  1278
           D:2 |       0 |      90 |   0.0 |       0 |      20 |   0.0 |  1078
           D:3 |       0 |     156 |   0.0 |       0 |       6 |   0.0 |   108
               +---------+---------+-------+---------+---------+-------+---------
